 Dungeon Crawl Stone Soup version 0.28-a0-909-g796cbd3a86 (webtiles) character file.

Game seed: 1535989135071082633

427 timneilson the Shield-Bearer (level 6, -1/38 HPs)
             Began as a Gargoyle Fighter on Nov 25, 2021.
             Slain by Sigmund (8 damage)
             ... on level 3 of the Dungeon.
             The game lasted 00:05:30 (3502 turns).

timneilson the Shield-Bearer (Gargoyle Fighter)     Turns: 3502, Time: 00:05:30

Health: -1/38      AC: 13    Str: 22    XL:     6   Next: 97%
Magic:  6/6        EV: 10    Int:  8    God:
Gold:   55         SH:  4    Dex:  9    Spells: 5/5 levels left

rFire   . . .      SeeInvis .   a - +0 long sword (protect)
rCold   . . .      Faith    .   c - +0 buckler
rNeg    + + .      Spirit   .   b - +0 scale mail
rPois   ∞          Reflect  .   (helmet restricted)
rElec   +          Harm     .   (no cloak)
rCorr   .          Rampage  .   (no gloves)
Will    .....                   (no boots)
Stlth   ..........              (no amulet)
HPRegen 0.12/turn               i - ring of positive energy
MPRegen 0.10/turn               (no ring)

@: mighty, flying
A: sickness immunity, AC +4, negative energy resistance 1, electricity
resistance, torment resistance 1, petrification resistance, beak, iridescent
scales 1, wild magic 1
a: no special abilities


You were on level 3 of the Dungeon.
You visited 1 branch of the dungeon, and saw 3 of its levels.

You collected 55 gold pieces.

Inventory:

Hand Weapons
 a - a +0 long sword of protection (weapon)
Armour
 b - a +0 scale mail (worn)
 c - a +0 buckler (worn)
Jewellery
 i - a ring of positive energy (left hand)
Wands
 o - a wand of iceblast (6)
Scrolls
 d - a scroll of teleportation
 e - a scroll of identify
 h - a scroll of acquirement
 j - 3 scrolls of magic mapping
 m - a scroll of torment {unknown}
 n - a scroll of noise {unknown}


   Skills:
 + Level 4.2 Fighting
 * Level 3.5 Long Blades
 * Level 5.0 Armour
 + Level 1.7 Dodging
 * Level 5.0 Shields


You had 5 spell levels left.
You didn't know any spells.
Your spell library was empty.

Dungeon Overview and Level Annotations

Branches:
Dungeon (3/15)

Altars:

Annotations:
D:3 Sigmund


Innate Abilities, Weirdness & Mutations

You are immune to sickness and miasma.
Your stone body is resilient. (AC +4)
You are immune to poison.
You resist negative energy. (rN+)
You are resistant to electric shocks. (rElec)
You are resistant to unholy torment.
You are immune to petrification.
You have a beak for a mouth.
You are partially covered in iridescent scales. (AC +2)
Your spells are a little harder to cast, but a little more powerful.


Message History

a +0 flail; a +0 club; a gnoll corpse You slash the gnoll!
The gnoll is severely wounded.
The gnoll hits you but does no damage. The gnoll hits you but does no damage.
Sigmund says, "Now you see me, now you don't..."
The gnoll hits you but does no damage.
You slash the gnoll!
You kill the gnoll!
You hit the gnoll.
The gnoll is lightly wounded.
Sigmund casts a spell.
Sigmund flickers and vanishes!
Deactivating autopickup; reactivate with Ctrl-A.
You block the gnoll's attack.
You slash the gnoll!
You kill the gnoll!
Something hits you!
Your Armour skill increases to level 5!
Items here: )))) †.
You barely miss something.
You hear some strange, mumbled words.
A puff of flame appears from out of thin air!
You block the puff of flame.
You closely miss something. Something hits you.
You hit something. Something hits you but does no damage.
You barely miss something. Something hits you.
You slash something! Something hits you.
* * * LOW HITPOINT WARNING * * *
It was a potion of flight.
You feel very buoyant.
You fly up into the air.
It was a potion of mutation.
You feel extremely strange.
You feel less in control of your magic.
Your mouth lengthens and hardens into a beak!
Iridescent scales grow over part of your body.
Something hits you!
* * * LOW HITPOINT WARNING * * *
You feel better. Something hits you!
You die...

#.....########'#
#.....##......(################
###.....##.......#..>............
..'..............#.###########...
###.....##.......#.##### #.....
#..)..##.......#.....# #.....
#.)...#####.##.#.....## #.....
#.....# #.##{#......# #.....
#.....# #.##@#......# #.....
#.....#####.##.#......## #.....
####.....##.##.#.......# ##....
#.....##.......#....# #.###
#.....#####.#..+....# #.#
######.....#####.#.##....# #.#
#....'.....'.....#..+....# #.###
#.####.....#############.# ##.#..
#.# #.....####..# ### #..#.#


There were no monsters in sight!

Vanquished Creatures
  Grinder (D:3)
  2 orc priests (D:3)
  Terence (D:2)
  Ijyb (D:3)
  An orc wizard (D:3)
  An adder (D:2)
  4 gnolls (D:3)
  A worm (D:3)
  A dart slug (D:1)
  An orc (D:3)
  5 bats
  An endoplasm (D:2)
  4 giant cockroaches
  A hobgoblin (D:2)
  2 jackals (D:2)
  4 quokkas
  5 ball pythons
  2 frilled lizards (D:2)
  2 goblins (D:2)
  6 kobolds
  5 rats
51 creatures vanquished.

Notes
Turn   | Place    | Note
-------+----------+-------------------------------------------
     0 | D:1      | timneilson the Gargoyle Fighter began the quest for the
                  | Orb.
     0 | D:1      | Reached XP level 1. HP: 14/14 MP: 1/1
   233 | D:1      | Reached XP level 2. HP: 19/19 MP: 2/2
   893 | D:1      | Identified a scroll of acquirement
  1102 | D:2      | Noticed a golden eye
  1103 | D:2      | Found a faded altar of an unknown god.
  1114 | D:2      | Noticed a shining eye
  1118 | D:2      | Noticed a shining eye
  1344 | D:2      | Reached XP level 3. HP: 23/23 MP: 3/3
  1489 | D:2      | Noticed Terence
  1496 | D:2      | Killed Terence
  1497 | D:2      | Reached XP level 4. HP: 22/28 MP: 4/4
  2049 | D:2      | Noticed a shining eye
  2262 | D:3      | Noticed Grinder
  2269 | D:3      | Killed Grinder
  2270 | D:3      | Reached skill level 1 in Dodging
  2270 | D:3      | Reached XP level 5. HP: 11/33 MP: 5/5
  2270 | D:3      | Reached XP level 6. HP: 13/38 MP: 6/6
  3266 | D:3      | Noticed Ijyb
  3287 | D:3      | Killed Ijyb
  3472 | D:3      | Noticed Sigmund
  3486 | D:3      | Reached skill level 5 in Shields
  3494 | D:3      | Reached skill level 5 in Armour
  3501 | D:3      | Gained mutation: Your spells are a little harder to cast,
                  | but a little more powerful. [potion of mutation]
  3501 | D:3      | Gained mutation: You have a beak for a mouth. [potion of
                  | mutation]
  3501 | D:3      | Gained mutation: You are partially covered in iridescent
                  | scales. (AC +2) [potion of mutation]
  3502 | D:3      | Slain by Sigmund

Illustrated notes

Levels and vault maps discovered:
D:1:      dpeg_arrival_simpleton_c, layout_basic, minmay_surrounded
D:2:      minmay_angry_zag, layout_basic,
          hellmonk_ecumenical_altar_watching_god, uniq_terence
D:3:      layout_basic, nicolae_ru_the_path_less_chosen, uniq_sigmund,
          uniq_ijyb, uniq_grinder

Skill      XL: |  1  2  3  4  5  6 |
---------------+-------------------+-----
Long Blades    | 2 3 |  3.5
Fighting       | 4 |  4.2
Armour         | 4 5 |  5.0
Dodging        | 1 |  1.7
Shields        | 4 5 |  5.0

Action                   |  1- 3 |  4- 6 || total
-------------------------+-------+-------++-------
Melee: Long sword        |    85 |   103 ||   188
  Use: Scroll            |     4 |     3 ||     7
       Potion            |       |     5 ||     5
Armor: Scale mail        |    52 |    46 ||    98
Dodge: Dodged            |    34 |    33 ||    67
Block: Buckler           |    19 |    16 ||    35

Table legend: (Time is in decaauts)
 A = Elapsed time spent in this place.
 B = Non-inter-level travel time spent in this place.
 C = Inter-level travel time spent in this place.
 D = Time resting spent in this place.
 E = Time spent auto-exploring this place.
 F = Levels seen in this place.
 G = Mean time per level.
                   A        B        C        D        E       F      G
               +--------+--------+--------+--------+--------+-----+--------+
         Total |   3552 |   3491 |     61 |    100 |   2915 |   3 | 1184.0 |
       Dungeon |   3552 |   3491 |     61 |    100 |   2915 |   3 | 1184.0 |
               +--------+--------+--------+--------+--------+-----+--------+

Top non-repeatable levels by time:
     D:3: 1377 daAuts
     D:2: 1119 daAuts
     D:1: 1055 daAuts
